 Dungeon Crawl Stone Soup version 0.20-a0-1124-g2e29d97 (webtiles) character file.

57108 JeffiDaFish the Peltast (level 14, -6/92 HPs)
             Began as a Gargoyle Fighter on May 16, 2017.
             Was the Champion of Okawaru.
             Engulfed by an ice dragon's freezing vapour (14 damage)
             ... in an ice cave.
             The game lasted 00:44:30 (20899 turns).

JeffiDaFish the Peltast (Gargoyle Fighter)         Turns: 20899, Time: 00:44:31

Health: -6/92      AC: 21    Str: 22    XL:     14   Next: 84%
Magic:  14/14      EV: 12    Int: 10    God:    Okawaru [******]
Gold:   2101       SH: 23    Dex: 16    Spells: 12/13 levels left

rFire    . . .     SeeInvis +   G - +1 demon whip (flame)
rCold    . . .     Gourm    .   a - +2 large shield
rNeg     + . .     Faith    .   (no armour)
rPois    ∞         Spirit   .   H - +2 helmet {SInv}
rElec    +         Reflect  .   t - scarf "Gerphub" {rPois Dex+3}
rCorr    .         Harm     .   j - +2 pair of gloves
MR       +....                  c - +1 pair of boots (curse)
Stlth    ++........             (no amulet)
Regen    0.3/turn               (no ring)
MPRegen  0.2/turn               (no ring)

@: flying
A: big wings, iridescent scales 1, rugged brown scales 1, negative energy
resistance 1, electricity resistance, strong 1, unbreathing, petrification
resistance, rot immunity, AC +9
a: Stop Flying, Heroism, Finesse, Renounce Religion


You were in an ice cave.
You worshipped Okawaru.
Okawaru was exalted by your worship.
You were not hungry.

You visited 2 branches of the dungeon, and saw 17 of its levels.
You also visited: Ice Cave and Volcano.

You collected 2101 gold pieces.

Inventory:

Hand Weapons
 o - a +2 morningstar of protection
 G - a +1 demon whip of flaming (weapon)
Armour
 a - a +2 large shield (worn)
 c - a cursed +1 pair of boots (worn)
 h - the +7 chain mail "Toh Voum" {rPois MP-9 Dex+7}
   (Okawaru gifted it to you on level 10 of the Dungeon)

   It affects your dexterity (+7).
   It protects you from poison.
   It affects your magic capacity (-9).
 i - a +0 cloak
 j - a +2 pair of gloves (worn)
 t - the scarf "Gerphub" (worn) {rPois Dex+3}
   (Okawaru gifted it to you on level 8 of the Dungeon)

   It affects your dexterity (+3).
   It protects you from poison.
 H - a +2 helmet of see invisible (worn)
Wands
 v - a wand of scattershot (6/9)
Scrolls
 b - 3 scrolls of magic mapping
 d - 2 scrolls of amnesia
 l - 9 scrolls of remove curse
 n - 2 scrolls of blinking
 r - 5 scrolls of teleportation
 u - a scroll of fog
 y - 2 scrolls of summoning
 z - 6 scrolls of identify
Potions
 k - 3 potions of invisibility
 x - a potion of brilliance
Books
 e - a book of Misfortune

   Spells                             Type                      Level
   a - Confusing Touch                Hexes                        1
   b - Confuse                        Hexes                        3
   c - Gell's Gravitas                Translocation                3
   d - Petrify                        Transmutation/Earth          4
   e - Metabolic Englaciation         Hexes/Ice                    5
   f - Yara's Violent Unravelling     Hexes/Transmutation          5
 q - a book of Debilitation

   Spells                             Type                      Level
   a - Corona                         Hexes                        1
   b - Slow                           Hexes                        2
   c - Inner Flame                    Hexes/Fire                   3
   d - Portal Projectile              Hexes/Translocation          3
   e - Cause Fear                     Hexes                        4
   f - Leda's Liquefaction            Hexes/Earth                  4
 w - a book of Cantrips

   Spells                             Type                      Level
   a - Confusing Touch                Hexes                        1
   b - Animate Skeleton               Necromancy                   1
   c - Summon Small Mammal            Summoning                    1
   d - Apportation                    Translocation                1
Miscellaneous
 A - a lightning rod (3/4)
Comestibles
 f - 18 bread rations
 g - 13 meat rations
 m - 7 royal jellies
 s - 15 fruits


   Skills:
 + Level 11.3 Fighting
 + Level 15.2 Maces & Flails
 + Level 9.9 Armour
 + Level 3.3 Dodging
 + Level 2.0 Stealth
 + Level 15.9 Shields
 + Level 0.3 Evocations


You had 12 spell levels left.
You knew the following spells:

 Your Spells              Type           Power        Failure   Level  Hunger
a - Animate Skeleton      Necr           N/A          77%         1    ##.....


Dungeon Overview and Level Annotations

Branches:
Dungeon (11/15)            Temple (0/1) D:4            Lair (6/6) D:9
  Swamp (0/4) Lair:4       Spider (0/4) Lair:3        Slime (0/5) Lair:6
    Orc: D:9-12

Altars:
Okawaru
Uskayaw
Jiyva

Annotations:
Lair:4 exclusion: 3 oklob plants


Innate Abilities, Weirdness & Mutations

You are resistant to torment.
Your stone body is resilient. (AC +9)
You are immune to poison.
Your large and strong wings let you fly indefinitely.
You resist negative energy. (rN+)
You are resistant to electric shocks. (rElec)
You can survive without breathing.
You are immune to petrification.
You are immune to rotting.
You are partially covered in iridescent scales. (AC +2)
You are partially covered in rugged brown scales. (AC +1, +3% HP)
Your muscles are strong. (Str +2)


Message History

The ice dragon is moderately wounded.
You hit the ice dragon. You burn the ice dragon.
The ice dragon is moderately wounded.
The ice dragon breathes frost at you. The blast of cold hits you!
* * * LOW HITPOINT WARNING * * *
You hit the ice dragon. You burn the ice dragon.
The ice dragon is moderately wounded.
You are engulfed in freezing vapours.
* * * LOW HITPOINT WARNING * * *
You hit the ice dragon but do no damage.
The ice dragon is moderately wounded.
You are engulfed in freezing vapours.
* * * LOW HITPOINT WARNING * * *
The ice dragon bites you but does no damage.
You block the ice dragon's attack. The ice dragon tramples you!
* * * LOW HITPOINT WARNING * * *
You are shoved backwards!
You feel better.
You are engulfed in freezing vapours.
You die...

### ##..#.#.# ###.###
####..##..##
#..#..####.#..##..##
..#.#...#.#..##.####
.######....#....##≈##
## ########..#≈≈≈#
#####.#≈≈###
##≈≈≈≈§≈≈≈≈≈#
≈≈≈≈≈≈≈≈@≈≈≈##
≈≈≈≈≈≈≈≈≈D≈##
########≈#.# ##..#
=.## =.=. D.$=#
...### ..##


You could see an ice dragon.

Vanquished Creatures
  Gastronok (Lair:1)
  The ghost of Irenicus the Scorcher, a journeyman DEFE of Vehumet (Lair:6)
  A red draconian (Volcano)
  A fire dragon (Lair:6)
  4 hydras
  The ghost of macandcheese the Cleaver, a journeyman MiFi of Dithmenos (D:10)
  An ice dragon (IceCv)
  A catoblepas (Lair:6)
  5 two-headed ogres (D:8)
  2 centaur warriors
  The ghost of Chaotic the Fighter, a novice MiFi of Uskayaw (D:9)
  A swamp dragon (Lair:6)
  The ghost of McMoop the Poker, a novice DrAK of Lugonu (D:7)
  2 lindwurms (Lair:6)
  9 black mambas
  2 manticores (Lair:6)
  5 elephants (Lair:6)
  A molten gargoyle (Volcano)
  Joseph (D:9)
  A torpor snail (Lair:6)
  An ice statue (IceCv)
  A gargoyle (Volcano)
  12 spiny frogs
  10 rime drakes
  2 kobold demonologists (D:11)
  8 komodo dragons
  2 ice devils (D:11)
  A yaktaur (Volcano)
  A troll (D:8)
  A merfolk (D:10)
  2 polar bears
  2 tyrant leeches (Lair:4)
  A hornet (D:10)
  The ghost of Cerepol the Cudgeler, an amateur FoFi of Gozag (D:6)
  9 blink frogs
  13 hippogriffs
  7 dream sheep (Lair:6)
  Sigmund (D:2)
  30 yaks
  A wyvern (D:8)
  3 hungry ghosts
  2 steam dragons (Lair:6)
  A basilisk (Lair:6)
  Grum (Lair:1)
  2 fire bats (Volcano)
  A swamp worm (Lair:4)
  2 wargs (D:9)
  2 acid dragons (Lair:6)
  18 water moccasins
  6 porcupines
  2 swamp drakes (Lair:6)
  11 ice beasts (IceCv)
  4 orc warriors
  A sky beast (D:8)
  2 phantoms
  14 wolves
  7 centaurs
  A necrophage (D:6)
  3 ogres
  18 crocodiles
  11 bullfrogs
  4 big kobolds
  5 scorpions
  9 killer bees
  A water moccasin skeleton (D:8)
  3 wights (D:7)
  A howler monkey (D:9)
  An electric eel (Lair:3)
  8 lava snakes (Volcano)
  7 crimson imps
  3 centaur zombies
  2 quasits
  2 jellies
  4 hounds
  2 bullfrog skeletons
  9 orc priests
  12 orc wizards
  A centaur skeleton (D:4)
  Ijyb (D:3)
  3 iguanas
  7 hell rats (Lair:3)
  9 worker ants
  2 hound skeletons
  Robin (D:2)
  7 gnolls
  18 adders
  3 shadow imps
  3 oozes
  5 worms
  2 adder skeletons
  A dart slug (D:2)
  3 leopard geckos
  33 orcs
  A ball python (D:1)
  4 giant cockroaches
  15 goblins
  11 hobgoblins
  3 jackals (D:7)
  19 kobolds
  6 quokkas
  5 bats
  6 frilled lizards
  A giant cockroach zombie (D:3)
  2 jackal skeletons
  A leopard gecko skeleton (D:4)
  A quokka skeleton (D:4)
  9 rats
  A plant (D:1)
517 creatures vanquished.

Vanquished Creatures (others)
  7 fungi
  15 plants
22 creatures vanquished.

Grand Total: 539 creatures vanquished

Notes
Turn   | Place    | Note
-------+----------+-------------------------------------------
     0 | D:1      | JeffiDaFish the Gargoyle Fighter began the quest for the Orb.
     0 | D:1      | Reached XP level 1. HP: 14/14 MP: 1/1
   153 | D:1      | Reached XP level 2. HP: 19/19 MP: 2/2
   845 | D:2      | Reached XP level 3. HP: 23/23 MP: 3/3
   913 | D:2      | Noticed Sigmund
  1174 | D:2      | Reached XP level 4. HP: 28/29 MP: 4/4
  1193 | D:2      | Noticed Robin
  1220 | D:2      | Killed Robin
  1220 | D:2      | Reached skill level 1 in Dodging
  2023 | D:2      | Reached XP level 5. HP: 29/33 MP: 5/5
  2040 | D:2      | Killed Sigmund
  2040 | D:2      | Reached XP level 6. HP: 27/38 MP: 6/6
  2390 | D:3      | Found an iron altar of Okawaru.
  2395 | D:3      | Noticed Ijyb
  2460 | D:3      | Killed Ijyb
  2564 | D:3      | Became a worshipper of Warmaster Okawaru
  2618 | D:3      | Reached skill level 5 in Shields
  2995 | D:4      | Reached XP level 7. HP: 44/44 MP: 7/7
  3326 | D:4      | Found a staircase to the Ecumenical Temple.
  3730 | D:4      | Reached skill level 5 in Maces & Flails
  3873 | D:5      | Entered Level 5 of the Dungeon
  3947 | D:5      | Reached skill level 5 in Armour
  4013 | D:5      | Reached skill level 5 in Fighting
  4066 | D:5      | Reached * piety under Okawaru
  4152 | D:5      | Reached XP level 8. HP: 46/49 MP: 8/8
  4998 | D:6      | Found a hide-covered altar of Uskayaw.
  5078 | D:6      | Reached ** piety under Okawaru
  5660 | D:6      | Noticed Cerepol's ghost (amateur FoFi)
  5674 | D:6      | Killed Cerepol's ghost
  5674 | D:6      | Reached XP level 9. HP: 54/54 MP: 9/9
  6169 | D:7      | HP: 2/54 [orc warrior/halberd (5)]
  6411 | D:7      | Reached *** piety under Okawaru
  6502 | D:7      | Noticed McMoop's ghost (novice DrAK)
  6581 | D:7      | Killed McMoop's ghost
  6767 | D:7      | Reached **** piety under Okawaru
  6888 | D:7      | Reached XP level 10. HP: 49/61 MP: 10/10
  7139 | D:8      | Noticed a two-headed ogre
  7169 | D:8      | Killed a two-headed ogre
  7169 | D:8      | Reached ***** piety under Okawaru
  7428 | D:8      | Noticed a two-headed ogre
  7438 | D:8      | Killed a two-headed ogre
  7698 | D:8      | Reached skill level 10 in Maces & Flails
  7730 | D:8      | Noticed a two-headed ogre
  7742 | D:8      | Killed a two-headed ogre
  7742 | D:8      | Received a gift from Okawaru
  7745 | D:8      | Got a slimy scarf {god gift}
  7756 | D:8      | Identified the scarf "Gerphub" {rPois Dex+3} (Okawaru gifted it to you on level 8 of the Dungeon)
  7848 | D:8      | Noticed a two-headed ogre
  7854 | D:8      | Killed a two-headed ogre
  7854 | D:8      | Reached skill level 10 in Shields
  7883 | D:8      | Reached XP level 11. HP: 41/67 MP: 11/11
  8032 | D:8      | Noticed a centaur warrior
  8045 | D:8      | Killed a centaur warrior
  8279 | D:8      | Noticed a two-headed ogre
  8292 | D:8      | Killed a two-headed ogre
  8383 | D:8      | Learned a level 1 spell: Animate Skeleton
  8790 | D:9      | Noticed Chaotic's ghost (novice MiFi)
  8816 | D:9      | Killed Chaotic's ghost
  8885 | D:9      | Noticed Joseph
  8910 | D:9      | Killed Joseph
  9625 | D:9      | Found a staircase to the Lair.
  9883 | Lair:1   | Entered Level 1 of the Lair of Beasts
 10001 | Lair:1   | Noticed Gastronok
 10072 | Lair:1   | Killed Gastronok
 10072 | Lair:1   | Reached XP level 12. HP: 28/74 MP: 12/12
 10433 | Lair:1   | Noticed Grum
 10438 | Lair:1   | Received a gift from Okawaru
 10461 | Lair:1   | Killed Grum
 10895 | Lair:1   | Reached ****** piety under Okawaru
 11195 | Lair:2   | Noticed a five-headed hydra
 11202 | Lair:2   | Killed a five-headed hydra
 11802 | Lair:3   | Noticed a seven-headed hydra
 11825 | Lair:3   | Killed a seven-headed hydra
 11825 | Lair:3   | Received a gift from Okawaru
 12543 | Lair:3   | Found a hole to the Spider Nest.
 12849 | Lair:3   | Gained mutation: You are partially covered in iridescent scales. (AC +2) [potion of mutation]
 12849 | Lair:3   | Gained mutation: You are partially covered in rugged brown scales. (AC +1, +3% HP) [potion of mutation]
 12849 | Lair:3   | Gained mutation: Your muscles are strong. (Str +2) [potion of mutation]
 13526 | Lair:4   | Reached XP level 13. HP: 82/82 MP: 13/13
 13567 | Lair:4   | Found a staircase to the Swamp.
 13943 | Lair:4   | Received a gift from Okawaru
 15541 | Lair:6   | Entered Level 6 of the Lair of Beasts
 15570 | Lair:6   | Reached skill level 10 in Fighting
 15702 | Lair:6   | Found a dark tunnel.
 15707 | Volcano  | Entered a volcano
 16410 | Volcano  | Found a burning altar of Makhleb.
 16451 | Volcano  | Noticed a red draconian
 16472 | Volcano  | Killed a red draconian
 16881 | Lair:6   | Received a gift from Okawaru
 16881 | Lair:6   | Reached skill level 1 in Stealth
 16882 | Lair:6   | Noticed Irenicus's ghost (journeyman DEFE)
 17621 | Lair:6   | Killed Irenicus's ghost
 17634 | Lair:6   | Gained mutation: Your large and strong wings let you fly indefinitely. [Gargoyle growth]
 17634 | Lair:6   | Reached XP level 14. HP: 90/90 MP: 14/14
 17691 | Lair:6   | Reached skill level 15 in Shields
 17843 | Lair:6   | Found a staircase to the Slime Pits.
 17843 | Lair:6   | Found a viscous altar of Jiyva.
 17927 | Lair:6   | Received a gift from Okawaru
 18674 | Lair:6   | Reached skill level 15 in Maces & Flails
 19084 | D:10     | Entered Level 10 of the Dungeon
 19104 | D:10     | Noticed macandcheese's ghost (journeyman MiFi)
 19128 | D:10     | Killed macandcheese's ghost
 19837 | D:10     | Received a gift from Okawaru
 19851 | D:10     | Got a steaming chain mail {god gift}
 19852 | D:10     | Identified the +7 chain mail "Toh Voum" {rPois MP-9 Dex+7} (Okawaru gifted it to you on level 10 of the Dungeon)
 20349 | D:11     | Found a frozen archway.
 20376 | IceCv    | Entered an ice cave
 20898 | IceCv    | HP: 3/92 [ice dragon (9)]
 20899 | IceCv    | Engulfed by an ice dragon's freezing vapour

Vault maps used:
D:1:      roderic_crop_circles_arrival_small
D:2:      uniq_sigmund, uniq_robin
D:3:      okawaru_metal_pillars_3, uniq_ijyb
D:4:      minmay_temple_entry_overgrown, first_bread
D:6:      eat_drink_and_be_merry_uskayaw
D:8:      minmay_imperfect_grid
D:9:      erik_lair_orcish_takeover, uniq_joseph
D:10:     hangedman_fish_farm
D:11:     zombieorc2_lemuel, portal_ice_cave_demonic_guard
Lair:1:   minmay_stone_trees_medium, serial_bayou_shore_a, uniq_grum,
          uniq_gastronok
Lair:2:   lemuel_fruit_tree
Lair:3:   dummy_spider_entry
Lair:4:   minmay_swamp_entry_worms, columned_hall_lemuel, grunt_megastairs_1,
          minmay_lair_oklob_chamber
Lair:6:   hangedman_lair_in_review, guppyfry_lair_end_dragon, slime_altar_1,
          enter_volcano_4, st_stairs_3
IceCv:    ice_cave_small_dragons
Volcano:  volcano_lake

Skill      XL: |  1  2  3  4  5  6  7  8  9 10 11 12 13 14 |
---------------+-------------------------------------------+-----
Armour         | 4 5 6 7 8 9 |  9.9
Dodging        | 1 2 3 |  3.3
Shields        | 4 5 7 8 10 12 13 14 15 | 15.9
Maces & Flails | 3 4 5 7 9 10 12 13 14 15 | 15.2
Fighting       | 4 5 6 7 8 9 10 11 | 11.3
Stealth        | 1 2 |  2.0
Evocations     | |  0.3

Action                   |  1- 3 |  4- 6 |  7- 9 | 10-12 | 13-15 || total
-------------------------+-------+-------+-------+-------+-------++-------
Melee: Flail             |   147 |   284 |   468 |       |       ||   899
       Morningstar       |       |       |   148 |   901 |  1137 ||  2186
       Demon whip        |       |       |       |       |    91 ||    91
 Abil: Fly               |       |       |       |       |     1 ||     1
Evoke: Wand              |       |       |       |     7 |       ||     7
       Lightning rod     |       |       |       |       |     1 ||     1
  Use: Potion            |     3 |     1 |    10 |     6 |    11 ||    31
       Scroll            |     3 |     6 |     3 |    16 |     8 ||    36
 Stab: Invisible         |     2 |       |       |       |       ||     2
       Sleeping          |       |       |       |       |     1 ||     1
  Eat: Chunk             |       |     8 |    14 |    26 |    24 ||    72
       Royal jelly       |       |       |       |       |     1 ||     1
       Fruit             |       |       |       |       |     1 ||     1
Armor: Chain mail        |   122 |   243 |   104 |       |       ||   469
       Scale mail        |     2 |       |       |       |       ||     2
       Plate armour      |       |       |   273 |   420 |   453 ||  1146
       Skin              |       |       |       |       |    22 ||    22
Dodge: Dodged            |    35 |    96 |    87 |    97 |   166 ||   481
Block: Shield            |    67 |   177 |   250 |       |       ||   494
       Large shield      |       |       |    99 |   958 |  1184 ||  2241
